 Dungeon Crawl Stone Soup version 0.32-a0-643-ga006e7742e (webtiles) character file.

Game seed: 13311252119946287835

12784 ragingrage the Carver (level 11, -1/129 HPs)
             Began as a Coglin Berserker on Mar 7, 2024.
             Was a High Priest of Trog.
             Slain by a blink frog (7 damage)
             ... on level 1 of the Lair of Beasts.
             The game lasted 00:10:52 (12723 turns).

ragingrage the Carver (Coglin Berserker)           Turns: 12723, Time: 00:10:52

Health: -1/129     AC: 10    Str: 18    XL:     11   Next: 98%
Magic:  11/11      EV: 15    Int:  7    God:    Trog [*****.]
Gold:   407        SH:  0    Dex: 17    Spells: 10/10 levels left

rFire   . . .        D - +3 falchion {Eiko}
rCold   . . .        p - +2 dagger (venom) {Caihong}
rNeg    . . .        d - +3 troll leather armour {Snorg}
rPois   .            (no helmet)
rElec   .            y - +2 cloak {Stlth+}
rCorr   .            H - +0 pair of gloves
SInv    .            (no boots)
Will    .....        (amulet unavailable) Stlth
                     (ring unavailable)
HPRegen 1.21/turn    (ring unavailable)
MPRegen 0.12/turn    (no gizmo)

%: no passive effects
@: berserking, revved, very quick
A: off-hand wielding, slow wielding, warmup strikes, no jewellery
a: Invent Gizmo, Renounce Religion, Berserk, Trog's Hand, Brothers in Arms


You were on level 1 of the Lair of Beasts.
You worshipped Trog.
Trog was extremely pleased with you.
You visited 2 branches of the dungeon, and saw 11 of its levels.

You collected 624 gold pieces.
You spent 217 gold pieces at shops.

Inventory:

Hand Weapons
 a - a +0 falchion {Eunwoo}
 p - a +2 dagger of venom (offhand) {Caihong}
 D - a +3 falchion (weapon) {Eiko}
Missiles
 o - 25 poisoned darts (quivered)
 A - 3 curare-tipped darts
 I - a throwing net
Armour
 d - a +3 troll leather armour (worn) {Snorg}
 s - a +2 ring mail of positive energy
 y - a +2 cloak of stealth (worn)
 E - +0 steam dragon scales
 H - a +0 pair of gloves (worn)
Wands
 n - a wand of light (1)
 v - a wand of charming (11)
 F - a wand of warping (15)
 M - a wand of polymorph (2)
Scrolls
 g - 3 scrolls of vulnerability
 h - 3 scrolls of noise
 k - 5 scrolls of fear
 l - 3 scrolls of teleportation
 m - 2 scrolls of fog
 u - a scroll of immolation {unknown}
 x - 3 scrolls of enchant armour
 B - a scroll of enchant weapon {unknown}
 C - 2 scrolls of blinking {unknown}
 J - a scroll of revelation {unknown}
 K - a scroll of identify
 L - a scroll of brand weapon {unknown}
Potions
 b - a potion of ambrosia {unknown}
 c - a potion of haste {unknown}
 e - 3 potions of lignification
 f - 2 potions of cancellation
 i - 3 potions of resistance
 j - 3 potions of curing
 q - a potion of berserk rage {unknown}
 r - 2 potions of enlightenment
 t - 3 potions of heal wounds
 w - 2 potions of might {unknown}
 z - a potion of attraction {unknown}
 G - 3 potions of brilliance {unknown}


   Skills:
 + Level 8.2 Fighting
 - Level 14.0 Long Blades
 - Level 1.7 Armour
 + Level 7.1 Dodging
 - Level 2.0 Stealth
 - Level 9.0 Evocations


You had 10 spell levels left.
You didn't know any spells.
Your spell library was empty.

Dungeon Overview and Level Annotations

Branches:
Dungeon (10/15)            Temple (0/1) D:5            Lair (1/5) D:10
    Orc: D:9-12

Altars:
Cheibriados
Dithmenos
Elyvilon
Gozag
Ru
Vehumet
Xom
Yredelemnul
Zin
The Shining One

Shops:
D:2 [[   D:6 *

Annotations:
D:7 1 runed translucent door, Crazy Yiuf


Innate Abilities, Weirdness & Mutations

You can wield a second weapon in your off-hand.
It takes a long time for you to wield or remove held weapons.
Your first few attacks do less damage.
You cannot equip rings or amulets.


Message History

You barely miss the water moccasin with your +2 dagger of venom.
You slash the water moccasin with your +3 falchion!
You kill the water moccasin!
Trog accepts your kill.
You hit the blink frog with your +2 dagger of venom.
You closely miss the blink frog with your +3 falchion.
The blink frog hits you!
The blink frog blinks!
You closely miss the komodo dragon with your +3 falchion.
You hit the komodo dragon with your +2 dagger of venom.
The komodo dragon bites you!!
You slash the komodo dragon with your +3 falchion!
You hit the komodo dragon but do no damage.
The blink frog hits the fungus!
A red film seems to cover your vision as you go berserk!
You feel yourself moving faster!
You feel mighty!
The blink frog hits the fungus!
The blink frog blinks!
The komodo dragon barely misses you.
The blink frog hits the fungus.
You slash the komodo dragon with your +3 falchion!
You barely miss the komodo dragon with your +2 dagger of venom.
The komodo dragon bites you!!
* * * LOW HITPOINT WARNING * * *
You are too injured to fight recklessly!
You are too injured to fight recklessly!
You hit the komodo dragon with your +3 falchion.
You puncture the komodo dragon with your +2 dagger of venom!
The komodo dragon is poisoned.
The blink frog hits the fungus!
You barely miss the blink frog with your +2 dagger of venom.
You slash the blink frog with your +3 falchion!
A nearby fungus withers and dies.
The blink frog hits you!
* * * LOW HITPOINT WARNING * * *
You puncture the komodo dragon with your +2 dagger of venom!
You feel the power of Trog in you as your rage grows.
You kill the komodo dragon!
Trog accepts your kill.
The blink frog blinks!
You puncture the blink frog with your +2 dagger of venom!
The blink frog is poisoned.
You slash the blink frog with your +3 falchion!
The blink frog hits you!
You die...

## ###########
####.#####...##P##.#
...............F@.ยง#
..............####F#
..............# #..#
..............####.#######
......<........##P........
...................F.F..F(
....................FF.(..
....###P####........F.....
.... ### #..............(


You could see 2 blink frogs.

Vanquished Creatures
  Snorg (D:10)
  A two-headed ogre (D:9)
  Pikel (D:5)
  Maurice (D:7)
  Joseph (D:7)
  A komodo dragon (Lair:1)
  3 hornets
  Prince Ribbit (D:6)
  A vampire (D:9)
  2 unseen horror simulacra (D:9)
  5 wyverns
  3 steam dragons
  18 yaks
  5 water moccasins
  3 orc warriors
  6 ice beasts
  6 wolves
  An ogre (D:7)
  A lemure (D:5)
  3 centaurs
  2 phantoms (D:5)
  3 kobold brigands (D:7)
  6 bullfrogs
  A gnoll sergeant (D:7)
  5 scorpions
  4 wights (D:7)
  3 killer bees (D:10)
  An electric eel (D:9)
  6 howler monkeys
  A bombardier beetle (D:5)
  4 crimson imps (D:9)
  A jelly (D:7)
  4 hounds (D:7)
  9 orc priests
  4 gnoll boudas
  2 iguanas (D:5)
  A sleepcap (D:7)
  9 orc wizards
  17 gnolls
  10 adders
  3 shadow imps
  3 white imps
  An ufetubus (D:9)
  3 ribbon worms
  2 dart slugs (D:3)
  32 orcs
  3 endoplasms
  2 giant cockroaches
  7 goblins
  12 hobgoblins
  4 jackals
  5 quokkas
  8 ball pythons
  4 bats
  6 frilled lizards
  12 kobolds
  4 rats
  A spectral goblin (D:1)
269 creatures vanquished.

Vanquished Creatures (others)
  An orc wizard (D:9)
1 creature vanquished.

Grand Total: 270 creatures vanquished

Notes
Turn   | Place    | Note
-------+----------+-------------------------------------------
     0 | D:1      | ragingrage the Coglin Berserker began the quest for the
                  | Orb.
     0 | D:1      | Reached XP level 1. HP: 18/18 MP: 1/1
   130 | D:1      | Reached XP level 2. HP: 15/24 MP: 2/2
   375 | D:1      | Reached skill level 4 in Long Blades
   498 | D:1      | Reached ** piety under Trog
   532 | D:1      | Found a faded altar of an unknown god.
   536 | D:1      | Reached XP level 3. HP: 29/29 MP: 3/3
   791 | D:2      | Found a white marble altar of Elyvilon.
   990 | D:2      | Reached XP level 4. HP: 30/35 MP: 4/4
  1090 | D:2      | Found Gonoynny's Antique Armour Shoppe.
  1588 | D:2      | Reached skill level 5 in Long Blades
  1618 | D:2      | Found Ocky's Antique Armour Emporium.
  1875 | D:3      | Noticed a scorpion
  1898 | D:3      | Killed a scorpion
  1899 | D:3      | Reached XP level 5. HP: 41/41 MP: 5/5
  1972 | D:3      | Reached skill level 6 in Long Blades
  2288 | D:3      | Found a glowing silver altar of Zin.
  2288 | D:3      | Found a basalt altar of Yredelemnul.
  2597 | D:4      | Identified the +0 robe "Wanikkan" {Dex+2}
  2631 | D:4      | Reached *** piety under Trog
  2645 | D:4      | Reached skill level 1 in Stealth
  2645 | D:4      | Reached XP level 6. HP: 26/47 MP: 6/6
  3053 | D:5      | Entered Level 5 of the Dungeon
  3190 | D:5      | Reached skill level 7 in Long Blades
  3210 | D:5      | Reached XP level 7. HP: 28/52 MP: 7/7
  3440 | D:5      | Reached skill level 8 in Long Blades
  3501 | D:5      | Noticed Pikel
  3512 | D:5      | Killed Pikel
  3513 | D:5      | Reached skill level 9 in Long Blades
  3513 | D:5      | Reached XP level 8. HP: 50/58 MP: 8/8
  3656 | D:5      | Reached skill level 10 in Long Blades
  3795 | D:5      | Found a staircase to the Ecumenical Temple.
  4150 | D:6      | Noticed Prince Ribbit
  4167 | D:6      | Killed Prince Ribbit
  4409 | D:2      | Bought a runed cloak for 217 gold pieces
  4495 | D:6      | Reached skill level 11 in Long Blades
  4581 | D:6      | Found Oruij's Gadget Gallery.
  4717 | D:6      | Reached XP level 9. HP: 14/63 MP: 9/9
  5190 | D:6      | Found an opulent altar of Gozag.
  5191 | D:6      | Found a sacrificial altar of Ru.
  5968 | D:7      | Found a runed translucent door.
  5969 | D:7      | Noticed Crazy Yiuf
  6008 | D:7      | Reached skill level 12 in Long Blades
  6284 | D:7      | Found a glowing golden altar of the Shining One.
  6494 | D:7      | Noticed Maurice
  6503 | D:7      | Maurice stole a +0 falchion {Eunwoo}
  6505 | D:7      | Maurice stole 65 gold
  6510 | D:7      | Killed Maurice
  6511 | D:7      | Reached skill level 13 in Long Blades
  6967 | D:7      | Reached XP level 10. HP: 42/70 MP: 10/10
  7133 | D:7      | Found a snail-covered altar of Cheibriados.
  7204 | D:7      | Noticed Joseph
  7218 | D:7      | Killed Joseph
  7219 | D:7      | Reached skill level 14 in Long Blades
  7219 | D:7      | Reached skill level 1 in Evocations
  7706 | D:7      | Reached **** piety under Trog
  9764 | D:9      | Noticed a two-headed ogre
  9773 | D:9      | Killed a two-headed ogre
  9774 | D:9      | Reached skill level 5 in Fighting
  9774 | D:9      | Reached skill level 5 in Evocations
  9848 | D:9      | Reached XP level 11. HP: 81/81 MP: 11/11
  9998 | D:9      | Reached skill level 5 in Dodging
 10075 | D:9      | Found a radiant altar of Vehumet.
 10463 | D:9      | Found a shimmering altar of Xom.
 10486 | D:9      | Reached ***** piety under Trog
 11222 | D:10     | Entered Level 10 of the Dungeon
 11564 | D:10     | Found a shadowy altar of Dithmenos.
 11770 | D:10     | Noticed Snorg
 11787 | D:10     | Killed Snorg
 12269 | D:10     | Found a staircase to the Lair.
 12578 | Lair:1   | Entered Level 1 of the Lair of Beasts
 12721 | Lair:1   | HP: 5/129 [blink frog (14)]
 12723 | Lair:1   | Slain by a blink frog

Illustrated notes

Levels and vault maps discovered:
D:1:      dpeg_arrival_rooms_with_view, layout_loops_ring,
          dreamdust_ecumenical_altar_drowned_temple, amethyst_killhole
D:2:      layout_basic, serial_shops, nicolae_shop_window_shopping,
          nicolae_shop_stone, basic_altar
D:3:      minmay_spotlight, layout_rooms, amethyst_overflow_temple_binary
D:4:      layout_cave_pools, dk_noncrumbling_4
D:5:      layout_loops_ring, minmay_temple_entry_glass, eino_tiny_chamber,
          grunt_decor_junction, uniq_pikel
D:6:      layout_loops_corners, nicolae_overflow_squiral, minivault_24,
          nicolae_shop_gadgets, uniq_prince_ribbit1
D:7:      kennysheep_housing_project, layout_basic, mainiacjoe_overflow_paths,
          marbit_many_paths, hangedman_decor_peaks_small, uniq_maurice,
          uniq_crazy_yiuf_cottage, uniq_joseph
D:8:      layout_basic
D:9:      layout_stronghold, kennysheep_mini, led_xom_imps, serial_ice,
          serial_ice_o, serial_ice_k, serial_ice_b, serial_ice_a
D:10:     layout_long_grid, mainiacjoe_overflow_alcove_2,
          minmay_lair_entry_grove, grunt_ministairs_9, kennysheep_nub,
          uniq_snorg
Lair:1:   layout_small_grid, lemuel_old_faithful

Skill      XL: |  1  2  3  4  5  6  7  8  9 10 11 |
---------------+----------------------------------+-----
Long Blades    | 4 5 6 7 9 11 13 14 | 14.0
Stealth        | 1 2 |  2.0
Dodging        | 4 7 |  7.1
Evocations     | 6 9 |  9.0
Fighting       | 5 8 |  8.2
Armour         | |  1.7

Action                     |  1- 3 |  4- 6 |  7- 9 | 10-12 || total
---------------------------+-------+-------+-------+-------++-------
  Melee: Falchion          |    85 |   121 |   253 |   509 ||   968
         Dagger            |    78 |   118 |   242 |   492 ||   930
  Throw: Dart              |       |     4 |    11 |    13 ||    28
 Invoke: Berserk           |       |     2 |     2 |     5 ||     9
         Trog's Hand       |       |       |       |     1 ||     1
    Use: Potion            |       |     2 |       |     1 ||     3
         Scroll            |       |       |       |    10 ||    10
   Stab: Sleeping          |     1 |     1 |     3 |     3 ||     8
         Distracted        |       |       |       |     2 ||     2
 Armour: Animal skin       |    61 |    42 |       |       ||   103
         Ring mail         |       |    37 |   140 |   180 ||   357
         Skin              |       |     3 |       |       ||     3
         Troll leather arm |       |       |       |    89 ||    89
  Dodge: Dodged            |    55 |    74 |    90 |   231 ||   450

Table legend: (Time is in decaauts)
 A = Elapsed time spent in this place.
 B = Non-inter-level travel time spent in this place.
 C = Inter-level travel time spent in this place.
 D = Time resting spent in this place.
 E = Time spent auto-exploring this place.
 F = Levels seen in this place.
 G = Mean time per level.
                   A        B        C        D        E       F      G
               +--------+--------+--------+--------+--------+-----+--------+
         Total |  12517 |  11977 |    540 |   2780 |   7195 |  11 | 1137.9 |
       Dungeon |  12402 |  11863 |    539 |   2737 |   7169 |  10 | 1240.2 |
          Lair |    115 |    115 |      0 |     43 |     26 |   1 |  115.0 |
               +--------+--------+--------+--------+--------+-----+--------+

Top non-repeatable levels by time:
     D:7: 2603 daAuts
     D:9: 1665 daAuts
     D:6: 1379 daAuts
     D:8: 1221 daAuts
     D:5: 1171 daAuts
    D:10: 1163 daAuts
     D:2: 959 daAuts
     D:1: 808 daAuts
     D:3: 775 daAuts
     D:4: 655 daAuts
  Lair:1: 115 daAuts
